AoeStats
← OsoPolar

Arabia

505572993Analyzed
1v1 RM · 23d ago on Sep 10, 2026· 52m 7s· 2 players
Game mode
Random Map
Map size
Tiny (2 player)
Population
200
Speed
Normal
Resources
Standard
Victory
Conquest
Starting age
Dark Age
Ending age
Imperial Age
RankedLock teamsTeams togetherTeam positionsShared explorationLock speedFull tech treeHidden civsTurbo modeCheats
Victory
Defeat
🇦🇷 Lithuanians · Argentina
1365
+15
🇺🇸 Mongols · United States
1338
-15
AttiladaHun
5:37 Loom
8:37 Feudal Age
9:54 Double-Bit Axe
10:26 Horse Collar
22:21 Castle Age
20:42 Gold Mining
21:54 Bloodlines
21:56 Scale Barding Armor
22:01 Forging
23:24 Bow Saw
23:15 Heavy Plow
24:08 Wheelbarrow
26:03 Husbandry
32:18 Stone Mining
37:07 Imperial Age
35:50 Ballistics
36:13 Fletching
36:24 Padded Archer Armor
37:31 Bodkin Arrow
37:51 Leather Archer Armor
39:03 Heavy Camel Rider
40:01 Bracer
41:41 Chain Barding Armor
41:57 Iron Casting
41:10 Elite Mangudai
43:01 Light Cavalry
43:59 Hussar
44:59 Hand Cart
45:51 Blast Furnace
51:58 Thumb Ring
OsoPolar
5:04 Loom
8:55 Feudal Age
20:45 Castle Age
18:35 Double-Bit Axe
20:04 Bloodlines
19:46 Gold Mining
19:38 Horse Collar
21:58 Bow Saw
21:50 Husbandry
23:29 Scale Barding Armor
27:13 Wheelbarrow
29:50 Fletching
30:54 Squires
31:43 Sanctity
31:40 Pikeman
33:10 Chain Barding Armor
35:20 Hand Cart
37:21 Stone Mining
37:35 Heavy Plow
41:31 Imperial Age
39:19 Padded Archer Armor
39:14 Bodkin Arrow
39:30 Forging
39:26 Elite Skirmisher
40:23 Leather Archer Armor
40:45 Thumb Ring
41:19 Ballistics
41:41 Cavalier
43:25 Chemistry
42:23 Town Watch
43:40 Plate Barding Armor
43:37 Ring Archer Armor
43:08 Bracer
44:19 Conscription
44:01 Paladin
49:45 Light Cavalry
Connection lost

Rejoining the realm…

Still unreachable

The connection could not be restored.

Session expired

The server has moved on; the page needs a fresh start.